 Dungeon Crawl Stone Soup version 0.26.0-10-g1f06aea511 (webtiles) character file.

Game seed: 14247944629978717805

132 Borgoz the Slasher (level 5, -4/45 HPs)
             Began as a Ghoul Gladiator on Jan 15, 2021.
             Slain by a gnoll
             ... wielding a +0 whip
              (6 damage)
             ... on level 3 of the Dungeon.
             The game lasted 00:02:53 (2375 turns).

Borgoz the Slasher (Ghoul Gladiator)                Turns: 2375, Time: 00:02:53

Health: -4/45      AC:  7    Str: 18    XL:     5   Next: 15%
Magic:  4/4        EV: 12    Int:  3    God:
Gold:   66         SH:  0    Dex: 11    Spells: 4/4 levels left

rFire    + . .     SeeInvis .   a - +0 long sword
rCold    + . .     Faith    .   (no shield)
rNeg     + + +     Spirit   .   e - +1 ring mail {rF+}
rPois    ∞         Reflect  .   c - +0 helmet
rElec    .         Harm     .   (no cloak)
rCorr    .         Rampage  .   (no gloves)
Will     .....                  (no boots)
Stlth    +.........             (no amulet)
HPRegen  0.00/turn              (no ring)
MPRegen  0.09/turn              (no ring)

@: no status effects
A: claws 1, cold resistance 1, negative energy resistance 3, inhibited
regeneration, torment resistance, unbreathing
a: no special abilities


You were on level 3 of the Dungeon.
You visited 1 branch of the dungeon, and saw 4 of its levels.

You collected 66 gold pieces.

Inventory:

Hand Weapons
 a - a +0 long sword (weapon)
Missiles
 d - a throwing net (quivered)
Armour
 c - a +0 helmet (worn)
 e - a +1 ring mail of fire resistance (worn)
Jewellery
 f - an uncursed ring of flight
 m - an uncursed ring of fire
Scrolls
 b - 2 scrolls of amnesia {unknown}
 h - 3 scrolls of remove curse
 i - a scroll of enchant weapon {unknown}
Potions
 j - a potion of cancellation
 k - 2 potions of flight
 l - 2 potions of magic
 p - a potion of haste


   Skills:
 + Level 3.0 Fighting
 * Level 3.6 Long Blades
 - Level 1.7 Throwing
 * Level 2.3 Armour
 + Level 3.1 Dodging


You had 4 spell levels left.
You didn't know any spells.
Your spell library was empty.

Dungeon Overview and Level Annotations

Branches:
Dungeon (4/15)
 Temple: D:4-7

Altars:


Innate Abilities, Weirdness & Mutations

You thrive by killing the living.
You are immune to poison.
You have sharp fingernails.
Your flesh is cold resistant. (rC+)
You are immune to negative energy. (rN+++)
You do not regenerate when monsters are visible.
You are immune to unholy pain and torment.
You can survive without breathing.


Message History

Throw: 2 throwing nets
Press: ? - help, Q - select action Shift-Dir - straight line, f/p - gnoll
Aim: a gnoll, wielding a +0 whip You throw a throwing net.
The throwing net hits the gnoll.
The gnoll is caught in the net!
The gnoll struggles against the net.
You hit the gnoll.
The gnoll is lightly wounded.
The gnoll struggles against the net.
You hit the gnoll.
The gnoll is heavily wounded.
The gnoll struggles against the net.
You hit the gnoll.
The gnoll is almost dead.
The gnoll struggles against the net. x2
The net rips apart, and the gnoll comes free!
You barely miss the gnoll.
The gnoll is almost dead.
The gnoll hits you with a +0 whip.
You die...

#........########.####
#########.###.## #.#
#.......#.#(#.# #.#
#.#####.#.#...# #.#
#.#...#.#.#.### #.####
#.#.#.#.#.#.# #....#
#.#.#.#.#.#.# #.##.#
#.#.#.#.#.#g# #>##.#
#.#.#.#.#.#@# #....#
#.#.###.#.### ######
#.#....(#.#
######.#####.#.#
#.....†#######.#
#....).'.......#
#......#########
########


You could see a gnoll.

Vanquished Creatures
  Terence (D:2)
  An adder (D:2)
  6 gnolls
  An adder skeleton (D:4)
  2 dart slugs (D:1)
  A leopard gecko (D:2)
  A giant cockroach (D:3)
  5 goblins
  2 hobgoblins (D:1)
  2 jackals (D:1)
  6 kobolds
  A ball python (D:1)
  A bat (D:1)
  4 frilled lizards
  4 rats
38 creatures vanquished.

Notes
Turn   | Place    | Note
-------+----------+-------------------------------------------
     0 | D:1      | Borgoz the Ghoul Gladiator began the quest for the Orb.
     0 | D:1      | Reached XP level 1. HP: 17/17 MP: 0/0
   100 | D:1      | Reached XP level 2. HP: 14/25 MP: 1/1
   320 | D:1      | Reached skill level 1 in Armour
   465 | D:1      | Reached XP level 3. HP: 30/30 MP: 2/2
   887 | D:1      | Reached XP level 4. HP: 29/37 MP: 3/3
  1258 | D:2      | Noticed Terence
  1268 | D:2      | Killed Terence
  1989 | D:3      | Reached XP level 5. HP: 45/45 MP: 4/4
  2359 | D:4      | Noticed a phantom
  2369 | D:3      | HP: 2/45 [gnoll/+0 whip (4)]
  2375 | D:3      | Slain by a gnoll

Illustrated notes

Levels and vault maps discovered:
D:1:      dpeg_arrival_long_road, layout_rooms, wad_floor_pattern_untrapped
D:2:      layout_basic, uniq_terence
D:3:      layout_basic, chequers_ecumenical_altar_grove, st_stairs_11,
          kennysheep_generic_room_13
D:4:      layout_rooms, serial_co_window_serial, co_window_paths_a,
          co_window_of_opportunity_a, co_window_paths_b, co_window_paths_a,
          co_window_paths_a, co_window_cross_1, co_window_of_opportunity_b,
          co_window_broadway_c, co_window_paths_c, co_window_broadway_b,
          co_window_2corner, co_window_broadway_a, co_window_sun,
          co_window_paths_e, glass_columns_b, glass_columns_a, glass_columns_b,
          grunt_ministairs_7

Skill      XL: |  1  2  3  4 |
---------------+-------------+-----
Long Blades    | 3 |  3.6
Armour         | 1 2 |  2.3
Dodging        | 3 |  3.1
Fighting       | 3 |  3.0
Throwing       | |  1.7

Action                   |  1- 3 |  4- 6 || total
-------------------------+-------+-------++-------
Melee: Long sword        |    61 |    49 ||   110
Throw: Throwing net      |       |     2 ||     2
  Use: Scroll            |       |     6 ||     6
Armor: Leather armour    |    12 |       ||    12
       Ring mail         |    29 |    19 ||    48
Dodge: Dodged            |    47 |    35 ||    82
       Rpst.: Long sword |    11 |    11 ||    22
